 Dungeon Crawl Stone Soup version 0.24-a0-441-g27f0392e16 (webtiles) character file.

Game seed: 17903980476355374642

103674 nikopol the Eclecticist (level 15, -19/75 HPs)
             Began as a Deep Elf Fire Elementalist on June 19, 2019.
             Was a High Priest of Vehumet.
             Killed from afar by a crystal guardian (26 damage)
             ... with a crystal bolt
             ... on level 15 of the Dungeon on June 21, 2019.
             The game lasted 02:23:55 (37895 turns).

nikopol the Eclecticist (DEFE)                     Turns: 37895, Time: 02:23:56

Health: -19/75     AC:  8    Str:  5    XL:     15   Next: 89%
Magic:  26/37      EV: 15    Int: 30    God:    Vehumet [*****.]
Gold:   1835       SH:  8    Dex: 15    Spells: 19/46 levels left

rFire    + . .     SeeInvis .   l - staff of fire
rCold    . . .     Gourm    +   G - +0 buckler
rNeg     . . .     Faith    .   k - +2 robe {MR+}
rPois    +         Spirit   .   I - +1 hat
rElec    .         Reflect  .   C - scarf {repulsion}
rCorr    .         Harm     .   g - +1 pair of gloves
MR       ++...                  B - +0 pair of boots
Stlth    ++........             i - amulet of the gourmand
HPRegen  0.22/turn              m - ring of poison resistance
MPRegen  0.25/turn              H - +3 ring of intelligence

@: repel missiles, very slow
A: no striking features
a: Renounce Religion


You were on level 15 of the Dungeon.
You worshipped Vehumet.
Vehumet was extremely pleased with you.
You were very full.

You visited 4 branches of the dungeon, and saw 24 of its levels.

You collected 2811 gold pieces.
You spent 976 gold pieces at shops.

Inventory:

Armour
 g - a +1 pair of gloves (worn)
 k - a +2 robe of magic resistance (worn)
 B - a +0 pair of boots (worn)
 C - a scarf of repulsion (worn)
 G - a +0 buckler (worn)
 I - a +1 hat (worn)
Magical Staves
 d - an uncursed staff of power
 l - an uncursed staff of fire (weapon)
Jewellery
 i - an amulet of the gourmand (around neck)
 m - a ring of poison resistance (left hand)
 H - a +3 ring of intelligence (right hand)
 R - an uncursed ring of positive energy
 W - the ring "Jaiqer" {Wiz Str+3}
   (You found it on level 6 of the Lair of Beasts)

   [ring of wizardry]

   It improves your spell success rate.
   It affects your strength (+3).
Wands
 h - a wand of enslavement (4)
 s - a wand of digging (3)
 u - a wand of disintegration (21)
 v - a wand of polymorph (6)
 y - a wand of clouds (9)
 A - a wand of flame (10)
 M - a wand of paralysis (17)
 Q - a wand of iceblast (27)
Scrolls
 f - a scroll of blinking
 p - 7 scrolls of enchant weapon
 q - 4 scrolls of remove curse
 r - 4 scrolls of amnesia
 x - 2 scrolls of fog
 D - 7 scrolls of enchant armour
 F - 7 scrolls of teleportation
 J - 3 scrolls of silence
 K - 3 scrolls of immolation
 L - 4 scrolls of fear
 P - 5 scrolls of identify
 U - a scroll of vulnerability
Potions
 b - 3 potions of magic
 e - 4 potions of might
 j - 7 potions of curing
 n - a potion of cancellation
 t - a potion of resistance
 w - 3 potions of mutation
 z - 2 potions of ambrosia
 E - 2 potions of lignification
 N - 4 potions of haste
 O - 3 potions of agility
 S - 3 potions of heal wounds
Comestibles
 c - 48 rations


   Skills:
 - Level 1.8 Fighting
 - Level 1.2 Staves
 - Level 5.8 Dodging
 - Level 4.8 Stealth
 + Level 15.3 Shields
 - Level 16.4 Spellcasting
 - Level 12.8 Conjurations
 - Level 2.6 Hexes
 - Level 1.2 Translocations
 - Level 12.6 Fire Magic
 - Level 1.7 Evocations


You had 19 spell levels left.
You knew the following spells:

 Your Spells              Type           Power        Failure   Level  Hunger
a - Flame Tongue          Conj/Fire      #####        0%          1    None
b - Throw Flame           Conj/Fire      ######       0%          2    None
c - Conjure Flame         Conj/Fire      ########     1%          3    None
d - Sticky Flame          Conj/Fire      ########     1%          4    None
e - Fireball              Conj/Fire      ########..   1%          5    None
f - Force Lance           Conj/Tloc      ######..     1%          4    None
g - Bolt of Magma         Conj/Fire/Erth #######...   1%          5    None
h - Dazzling Spray        Conj/Hex       ######       1%          3    None

Your spell library contained the following spells:

 Spells                   Type           Power        Failure   Level  Hunger
 Poison Arrow             Conj/Pois      ######....   5%          6    ##.....
 Magic Dart               Conj           ####         0%          1    None
 Searing Ray              Conj           ######       0%          2    None
 Animate Skeleton         Necr           N/A          1%          1    None
 Apportation              Tloc           ####..       1%          1    None
 Confusing Touch          Hex            #####.       1%          1    None
 Corona                   Hex            #####..      1%          1    None
 Sting                    Conj/Pois      ####         1%          1    None
 Summon Small Mammal      Summ           ###.         1%          1    None
 Ensorcelled Hibernation  Hex/Ice        ####..       1%          2    None
 Confuse                  Hex            #####...     1%          3    None
 Inner Flame              Hex/Fire       #######.     1%          3    None
 Mephitic Cloud           Conj/Pois/Air  ######..     1%          3    None
 Tukima's Dance           Hex            #####...     1%          3    None
 Fulminant Prism          Conj/Hex       ######....   1%          4    None
 Iskenderun's Mystic Bla  Conj           #######.     1%          4    None
 Throw Icicle             Conj/Ice       ######..     1%          4    None
 Iskenderun's Battlesphe  Conj/Chrm      ######..     1%          5    None
 Venom Bolt               Conj/Pois      ######....   1%          5    None
 Poisonous Vapours        Pois/Air       ###...       2%          2    None
 Swiftness                Chrm/Air       ###.....     2%          2    None
 Regeneration             Chrm/Necr      ###.......   5%          3    None
 Vampiric Draining        Necr           ###.......   5%          3    None
 Olgreb's Toxic Radiance  Pois           ###.....     5%          4    None
 Cause Fear               Hex            #####.....   6%          4    None
 Yara's Violent Unravell  Hex/Tmut       ####......   9%          5    None
 Freezing Cloud           Conj/Ice/Air   ######....   13%         6    ##.....
 Silence                  Hex/Air        ####......   30%         5    None
 Excruciating Wounds      Chrm/Necr      ###.......   45%         5    None
 Ring of Flames           Chrm/Fire      #######...   75%         7    #####..
 Deflect Missiles         Chrm/Air       ###.......   95%         6    ##.....
 Discord                  Hex            #####.....   100%        8    ######.


Dungeon Overview and Level Annotations

Branches:
Dungeon (15/15)            Temple (1/1) D:7            Lair (6/6) D:8
  Swamp (0/4) Lair:4       Spider (0/4) Lair:4        Slime (0/5) Lair:6
    Orc (2/2) D:11            Elf (0/3) Orc:2        Vaults (0/5) D:13
 Depths (0/5) D:15

Altars:
Ashenzari
Cheibriados
Dithmenos
Elyvilon
Fedhas
Gozag
Hepliaklqana
Kikubaaqudgha
Makhleb
Nemelex Xobeh
Okawaru
Qazlal
Ru
Sif Muna
Trog
Uskayaw
Vehumet
Wu Jian
Xom
Yredelemnul
Zin
The Shining One
Beogh

Shops:
D:12 %   Orc:2 }!!(}

Annotations:
D:8 1 runed translucent door, Voker57's ghost, novice DsMo
D:9 3 runed translucent doors
D:15 exclusion: orange crystal statue
Lair:6 2 runed translucent doors, Cynry's ghost, journeyman DsGl


Message History

Aim: a crystal guardian (moderately damaged)
The lance of force hits the crystal guardian but does no damage.
The crystal guardian is moderately damaged.
The crystal guardian fires a crystalline bolt at you.
The crystal bolt burns you! You resist.
* * * LOW HITPOINT WARNING * * *
You feel much better.
You block the crystal guardian's attack.
Casting: Force Lance (safe; 1% risk of failure)
Confirm with . or Enter, or press ? or * to list all spells.
Aiming: Force Lance (safe; 1% risk of failure)
Press: ? - help, Shift-Dir - straight line, f/p - crystal guardian
Aim: a crystal guardian (moderately damaged)
The lance of force hits the crystal guardian but does no damage.
The crystal guardian is moderately damaged.
The crystal guardian fires a crystalline bolt at you.
The crystal bolt burns you!! You resist.
* * * LOW HITPOINT WARNING * * *
The crystal bolt burns you!! You resist.
You die...

.# #..# .# ##.#
'##### #.## .....#
#..# [....# ##.##
.....# #..#
.....#########.###
...≈≈≈≈≈≈≈≈≈≈≈≈≈§#
'#.≈############@#
.#.≈# $.?K$ #8#
.##≈# $?..(. #§#
.##≈# $...[.##≈#
.##≈# }$.(..##§#
.##≈# :8..}.'≈≈#
.##≈#
}.....##)###########
...≈#
$[:.|$##≈.K........#
###≈# ....)$
#≈.######.###


You could see a crystal guardian.

Vanquished Creatures
  Rupert (D:13)
  Frances (D:13)
  Gastronok (Lair:1)
  A dire elephant (D:15)
  A crystal guardian (D:15)
  Josephine (D:10)
  9 hydras
  8 vault guards (D:13)
  2 ice dragons
  Erica (Lair:2)
  2 two-headed ogres
  2 centaur warriors
  2 ogre magi (Orc:2)
  Urug (Lair:3)
  Nergalle (Orc:2)
  2 unseen horrors
  A lindwurm (Lair:6)
  2 deep elf magi
  6 oklob plants (Lair:4)
  7 orc sorcerers (Orc:2)
  An orc knight (Orc:2)
  A salamander (D:15)
  A cyclops (shapeshifter) (D:13)
  3 manticores
  3 cyclopes
  12 ugly things
  Maurice (D:8)
  3 centaur zombies
  7 black mambas
  An ice statue (D:13)
  4 gargoyles
  13 spiny frogs
  3 rime drakes
  A kobold demonologist (D:14)
  6 torpor snails
  7 komodo dragons
  A tengu conjurer (D:14)
  7 trolls
  A queen bee (shapeshifter) (D:15)
  13 polar bears
  6 tyrant leeches
  5 blink frogs (Lair:4)
  4 slime creatures (D:12)
  10 hornets
  2 raiju (Lair:6)
  10 hippogriffs
  13 dream sheep
  A spriggan (Lair:1)
  3 shadows
  A human (D:7)
  3 wraiths (D:10)
  5 wyverns
  57 yaks
  2 basilisks
  2 hogs (D:7)
  A hungry ghost (D:11)
  A vampire mosquito (D:14)
  A swamp worm (Lair:4)
  Edmund (D:5)
  A harpy simulacrum (D:15)
  A soldier ant (D:13)
  8 wargs
  15 hell hounds (Lair:6)
  14 water moccasins
  23 orc warriors
  5 porcupines
  14 black bears
  A necrophage (D:6)
  3 phantoms
  4 eyes of draining
  An ice beast (D:12)
  4 sky beasts
  10 ogres
  45 wolves
  10 centaurs
  25 crocodiles
  A big kobold (D:11)
  21 bullfrogs
  A water moccasin skeleton (D:10)
  2 wyvern skeletons
  4 scorpions
  4 killer bees (D:9)
  5 wights
  5 howler monkeys
  5 electric eels
  6 crimson imps
  3 bullfrog zombies
  2 quasits (D:10)
  22 orc priests
  6 hounds
  52 orc wizards
  2 bullfrog skeletons
  5 centaur skeletons
  5 jellies
  8 iguanas
  18 worker ants
  A killer bee zombie (D:8)
  A hound zombie (D:10)
  2 hound skeletons
  2 howler monkey zombies (D:7)
  2 worker ant zombies
  Robin (D:2)
  A howler monkey skeleton (D:9)
  18 adders
  17 gnolls
  4 shadow imps
  An adder zombie (D:6)
  2 adder skeletons
  9 worms
  4 dart slugs
  13 leopard geckos
  94 orcs
  10 giant cockroaches
  6 hobgoblins
  9 jackals
  4 quokkas
  4 ball pythons
  5 bats
  15 frilled lizards
  10 goblins
  13 kobolds
  A leopard gecko skeleton (D:6)
  A leopard gecko zombie (D:7)
  8 rats
  2 bushes (Lair:5)
  2 fungi
  13 plants
905 creatures vanquished.

Vanquished Creatures (others)
  A crimson imp (D:15)
  15 fungi
  25 plants
41 creatures vanquished.

Grand Total: 946 creatures vanquished

Notes
Turn   | Place    | Note
-------+----------+-------------------------------------------
     0 | D:1      | nikopol the Deep Elf Fire Elementalist began the quest for
                  | the Orb.
     0 | D:1      | Reached XP level 1. HP: 10/10 MP: 6/6
   470 | D:1      | Reached XP level 2. HP: 15/15 MP: 5/8
  1683 | D:2      | Reached XP level 3. HP: 19/19 MP: 5/10
  1687 | D:2      | Learned a level 2 spell: Throw Flame
  1691 | D:2      | Learned a level 3 spell: Conjure Flame
  1881 | D:2      | Reached XP level 4. HP: 21/24 MP: 4/11
  2111 | D:2      | Reached skill level 4 in Spellcasting
  2417 | D:2      | Reached XP level 5. HP: 28/28 MP: 5/13
  2423 | D:2      | Learned a level 4 spell: Sticky Flame
  2603 | D:2      | Noticed Robin
  2614 | D:2      | Killed Robin
  3089 | D:3      | Found an opulent altar of Gozag.
  3090 | D:3      | Found a glowing silver altar of Zin.
  3259 | D:3      | Found a faded altar of an unknown god.
  3903 | D:4      | Reached XP level 6. HP: 33/33 MP: 11/14
  4047 | D:4      | Reached skill level 5 in Fire Magic
  4288 | D:4      | Reached skill level 5 in Spellcasting
  4598 | D:4      | Found a bloodstained altar of Trog.
  4642 | D:5      | Entered Level 5 of the Dungeon
  4672 | D:5      | Reached XP level 7. HP: 37/37 MP: 12/16
  4679 | D:5      | Learned a level 5 spell: Fireball
  4748 | D:5      | Noticed Edmund
  4762 | D:5      | Killed Edmund
  5571 | D:5      | Reached skill level 6 in Spellcasting
  5571 | D:5      | Reached skill level 5 in Conjurations
  6180 | D:6      | Reached XP level 8. HP: 42/42 MP: 12/20
  6258 | D:6      | Reached skill level 7 in Spellcasting
  6339 | D:6      | Reached skill level 8 in Spellcasting
  6604 | D:6      | Found an ancient bone altar of Kikubaaqudgha.
  6605 | D:6      | Found a blossoming altar of Fedhas.
  6803 | D:7      | Noticed a troll
  6939 | D:6      | Learned a level 3 spell: Dazzling Spray
  7431 | D:7      | Reached skill level 9 in Spellcasting
  7449 | D:7      | Reached XP level 9. HP: 42/45 MP: 11/24
  7805 | D:7      | Found a large runed translucent door.
  7805 | D:7      | Found a large runed translucent door.
  8017 | D:7      | Found a staircase to the Ecumenical Temple.
  8037 | Temple   | Entered the Ecumenical Temple
  8144 | Temple   | Became a worshipper of Vehumet
  8247 | D:7      | Killed a troll
  8261 | D:7      | Reached skill level 10 in Spellcasting
  8602 | D:7      | Found a large runed translucent door.
  8603 | D:7      | Found a large runed translucent door.
  8634 | D:7      | Noticed a manticore
  8640 | D:7      | Killed a manticore
  8640 | D:7      | Reached skill level 1 in Fighting
  8867 | D:7      | Learned a level 4 spell: Force Lance
  9023 | D:7      | Reached skill level 11 in Spellcasting
  9023 | D:7      | Reached XP level 10. HP: 38/51 MP: 6/27
  9527 | D:8      | Reached * piety under Vehumet
  9527 | D:8      | Offered knowledge of Shock by Vehumet.
  9543 | D:8      | Reached skill level 1 in Staves
  9916 | D:8      | Noticed Maurice
  9922 | D:8      | Killed Maurice
 10100 | D:8      | Got an ichor-stained mace
 10101 | D:8      | Identified the +7 mace of Cunnigg {crush, MR- Int+5} (You
                  | found it on level 8 of the Dungeon)
 10216 | D:8      | Reached skill level 12 in Spellcasting
 10445 | D:8      | Noticed a +1 short sword of chaos
 10446 | D:8      | Found a runed translucent door.
 10446 | D:8      | Found a shimmering altar of Xom.
 10446 | D:8      | Noticed Voker57's ghost (novice DsMo)
 10460 | D:8      | Found a staircase to the Lair.
 10835 | Lair:1   | Entered Level 1 of the Lair of Beasts
 10835 | Lair:1   | Noticed a spiny frog
 10837 | Lair:1   | Killed a spiny frog
 10945 | D:8      | Reached skill level 10 in Conjurations
 11213 | Lair:1   | Noticed a spriggan rider
 11860 | D:9      | Reached ** piety under Vehumet
 11860 | D:9      | Offered knowledge of Sting by Vehumet.
 11883 | D:9      | Reached XP level 11. HP: 55/55 MP: 21/29
 11916 | D:9      | Found a runed translucent gate.
 11916 | D:9      | Found a runed translucent gate.
 11920 | D:9      | Found a runed translucent gate.
 11920 | D:9      | Noticed a white ugly thing
 11920 | D:9      | Noticed a cyan ugly thing
 11920 | D:9      | Noticed a green ugly thing
 11920 | D:9      | Noticed a cyan ugly thing
 11920 | D:9      | Noticed a glowing orange brain
 11921 | D:9      | Noticed a cyan very ugly thing
 11921 | D:9      | Noticed a brown ugly thing
 11992 | D:9      | Reached skill level 5 in Dodging
 12245 | D:9      | Found an opulent altar of Gozag.
 12323 | D:9      | Reached skill level 13 in Spellcasting
 12699 | D:9      | Found a sacrificial altar of Ru.
 12828 | D:10     | Entered Level 10 of the Dungeon
 12905 | D:10     | Reached skill level 10 in Fire Magic
 13163 | D:10     | Offered knowledge of Static Discharge by Vehumet.
 13365 | D:10     | Noticed Josephine
 13370 | D:10     | Killed Josephine
 13370 | D:10     | Reached skill level 1 in Translocations
 13923 | D:11     | Reached *** piety under Vehumet
 13954 | D:11     | Noticed an unseen horror
 13957 | D:11     | Killed an unseen horror
 14182 | D:11     | Reached skill level 1 in Shields
 14459 | D:11     | Found a staircase to the Orcish Mines.
 14749 | D:11     | Noticed a centaur warrior
 14751 | D:11     | Killed a centaur warrior
 14918 | D:11     | Offered knowledge of Throw Icicle by Vehumet.
 15084 | D:11     | Reached skill level 14 in Spellcasting
 15753 | D:12     | Found Nyvviut Vexu's Food Boutique.
 15766 | D:12     | Reached XP level 12. HP: 60/60 MP: 15/32
 16635 | D:13     | Noticed a two-headed ogre
 16639 | D:13     | Killed a two-headed ogre
 16747 | D:13     | Reached **** piety under Vehumet
 17034 | D:13     | Noticed Frances
 17040 | D:13     | Killed Frances
 17040 | D:13     | Offered knowledge of Yara's Violent Unravelling by Vehumet.
 17050 | D:13     | Reached skill level 15 in Spellcasting
 17316 | D:13     | Identified Isyopn Hioro's Volume of Dark Secrets and the
                  | Volcanoes
 17702 | D:13     | Found a gate to the Vaults.
 17702 | D:13     | Noticed a vault guard
 17702 | D:13     | Noticed a vault guard
 17702 | D:13     | Noticed a vault guard
 17702 | D:13     | Noticed a vault guard
 17703 | D:13     | Noticed a vault guard
 17704 | D:13     | Noticed a vault guard
 17705 | D:13     | Killed a vault guard
 17706 | D:13     | Killed a vault guard
 17707 | D:13     | Noticed Rupert
 17756 | D:13     | Killed a vault guard
 17774 | D:13     | Noticed a vault guard
 17784 | D:13     | Killed a vault guard
 17797 | D:13     | Killed a vault guard
 17824 | D:13     | Killed a vault guard
 18001 | D:13     | Killed a vault guard
 18155 | D:13     | Noticed a vault guard
 18162 | D:13     | Killed a vault guard
 18245 | D:13     | Paralysed by Rupert for 4 turns
 18249 | D:13     | Killed Rupert
 18249 | D:13     | Reached XP level 13. HP: 43/65 MP: 12/34
 18557 | D:14     | Reached skill level 5 in Shields
 18557 | D:14     | Reached skill level 16 in Spellcasting
 18971 | D:14     | Reached skill level 1 in Evocations
 19888 | Lair:1   | Reached ***** piety under Vehumet
 20129 | Lair:1   | Offered knowledge of Bolt of Draining by Vehumet.
 20315 | Lair:1   | Noticed Gastronok
 20729 | Lair:1   | Killed Gastronok
 23079 | Lair:2   | Noticed Erica
 23082 | Lair:2   | Killed Erica
 23621 | Lair:3   | Reached XP level 14. HP: 71/71 MP: 30/36
 24196 | Lair:3   | Noticed Urug
 24200 | Lair:3   | Killed Urug
 24253 | Lair:3   | Reached skill level 10 in Shields
 24262 | Lair:3   | Offered knowledge of Bolt of Magma by Vehumet.
 24347 | Lair:3   | Learned a level 5 spell: Bolt of Magma
 25656 | Lair:4   | Found a hole to the Spider Nest.
 25685 | Lair:4   | Found a staircase to the Swamp.
 27232 | Lair:5   | Offered knowledge of Lightning Bolt by Vehumet.
 27619 | Lair:5   | Identified Sif Muna's Incunabulum of Harmful Air
 27834 | Lair:6   | Entered Level 6 of the Lair of Beasts
 27973 | Lair:6   | Found a large runed translucent door.
 27973 | Lair:6   | Found a large runed translucent door.
 27978 | Lair:6   | Noticed Cynry's ghost (journeyman DsGl)
 28226 | Lair:6   | Found a staircase to the Slime Pits.
 28746 | Lair:6   | Reached XP level 15. HP: 75/75 MP: 24/37
 28799 | Lair:6   | Found a runed translucent door.
 28835 | Lair:6   | Paralysed by a hornet for 1 turns
 29756 | Lair:6   | Offered knowledge of Ozocubu's Refrigeration by Vehumet.
 30740 | Lair:6   | Got a smoking ivory ring
 30746 | Lair:6   | Identified the ring "Jaiqer" {Wiz Str+3} (You found it on
                  | level 6 of the Lair of Beasts)
 32097 | Orc:1    | Entered Level 1 of the Orcish Mines
 32143 | Orc:1    | Noticed an orc warlord
 33044 | Orc:2    | Entered Level 2 of the Orcish Mines
 33550 | Orc:2    | Found Eklidghao's Gadget Shoppe.
 33688 | Orc:2    | Found a staircase to the Elven Halls.
 34421 | Orc:2    | Found Paown's Antique Weapon Emporium.
 34455 | Orc:2    | Found a radiant altar of Vehumet.
 34610 | Orc:2    | Noticed Nergalle
 34614 | Orc:2    | Killed Nergalle
 34635 | Orc:2    | Offered knowledge of Poison Arrow by Vehumet.
 34752 | Orc:2    | Found Ebozemm's Distillery.
 34753 | Orc:2    | Found a roughly hewn altar of Beogh.
 34755 | Orc:2    | Found Xosu's Distillery.
 34758 | Orc:2    | Found an ancient bone altar of Kikubaaqudgha.
 34776 | Orc:2    | Found Unetri's Gadget Shoppe.
 34778 | Orc:2    | Bought a potion of haste for 160 gold pieces
 34778 | Orc:2    | Bought a potion of haste for 160 gold pieces
 34778 | Orc:2    | Bought 2 potions of heal wounds for 160 gold pieces
 34778 | Orc:2    | Bought a potion of magic for 128 gold pieces
 34778 | Orc:2    | Bought a potion of haste for 160 gold pieces
 34846 | Orc:2    | Bought a potion of magic for 128 gold pieces
 34846 | Orc:2    | Bought a potion of heal wounds for 80 gold pieces
 35676 | D:15     | Entered Level 15 of the Dungeon
 36175 | D:15     | Found a runed translucent door.
 36550 | D:15     | Reached skill level 15 in Shields
 36874 | D:15     | Found a staircase to the Depths.
 37249 | D:15     | Found a blossoming altar of Fedhas.
 37895 | D:15     | Killed from afar by a crystal guardian

Levels and vault maps discovered:
D:1:      dpeg_arrival_boxes_within_box, layout_basic, minivault_5
D:2:      layout_loops_ring, grunt_ministairs_3, kennysheep_generic_room_16,
          uniq_robin
D:3:      layout_loops_cross, grunt_temple_overflow_gold_and_silver,
          chequers_ecumenical_altar_simple_redux, st_stairs_12,
          minmay_checkerbox
D:4:      layout_rooms, kennysheep_little_box, first_ration, grunt_ministairs_13
D:5:      layout_basic, uniq_edmund
D:6:      layout_loops_ring, grunt_temple_overflow_growth_and_decay,
          minmay_misc_feat_rows, minmay_divided_ellipse
D:7:      layout_gridville, minmay_temple_entry_stoned_glass, grunt_livestock,
          minmay_hollow_rounded_squares
D:8:      layout_basic, grunt_lair_entry_orc_guard_hut, ebering_ghost_xom,
          kennysheep_generic_room_9, uniq_maurice
D:9:      layout_loops_cross, nicolae_ru_path_of_blood, basic_altar,
          ploomutoo_gammafunk_ghost_potion_laboratory, moated_statue,
          grunt_decor_fettered
D:10:     layout_cave_pools, uniq_josephine
D:11:     minmay_cornered_nines, layout_loops_ring, orc_0_dummy
D:12:     layout_basic, serial_shops, shop, lemuel_flamethrower_2
D:13:     lemuel_ice_statue, layout_loops_corners, erik_vaults_2, uniq_frances,
          uniq_rupert
D:14:     minmay_octagon_keep, layout_long_grid
D:15:     hangedman_depths_entry_try_elsewhere_first, layout_basic,
          fedhas_altar_3, minmay_crystal_box
Temple:   nicolae_temple_elliptical
Lair:1:   lemuel_reptile_caves, layout_regular_city,
          grunt_forest_large_clearings, infiniplex_staircase_pool,
          serial_bayou_shore_a, uniq_gastronok
Lair:2:   layout_regular_city, chequers_serial_rivers_large_a,
          beast_lair_carwin_6, uniq_erica
Lair:3:   layout_gridlike, nicolae_volcano_entry_lava_flow, uniq_urug
Lair:4:   layout_roguey, minmay_swamp_entry_worms,
          nicolae_spider_entry_non_spiders,
          portal_ice_cave_entry_animals_and_master,
          nicolae_quartered_pool_little, chequers_serial_rivers_micro_c,
          dpeg_oklob_1
Lair:5:   layout_cave_pods, wad_woods_06, gammafunk_lair_bear_cave
Lair:6:   wormcave, layout_cave_pods, hangedman_lair_caniforms_friends,
          slime_dummy, ebering_ghost_disaster_area
Orc:1:    layout_diamond_mine
Orc:2:    kennysheep_orc_mage_school, layout_diamond_mine, serial_shops, shop

Skill      XL: |  1  2  3  4  5  6  7  8  9 10 11 12 13 14 15 |
---------------+----------------------------------------------+-----
Dodging        | 3 4 5 |  5.8
Conjurations   | 3 4 5 7 9 10 11 12 | 12.8
Fire Magic     | 4 5 6 7 8 9 11 12 | 12.6
Spellcasting   | 4 5 6 9 11 12 14 15 16 | 16.4
Stealth        | 3 4 |  4.8
Hexes          | 2 |  2.6
Fighting       | 1 |  1.8
Staves         | 1 |  1.2
Translocations | 1 |  1.2
Shields        | 2 4 9 12 15 | 15.3
Evocations     | 1 |  1.7

Action                   |  1- 3 |  4- 6 |  7- 9 | 10-12 | 13-15 || total
-------------------------+-------+-------+-------+-------+-------++-------
Melee: Staff             |       |       |    15 |     2 |     2 ||    19
 Cast: Flame Tongue      |    68 |   158 |   152 |   300 |   354 ||  1032
       Throw Flame       |       |     7 |    12 |    12 |    29 ||    60
       Sticky Flame      |       |     1 |    35 |    68 |    93 ||   197
       Conjure Flame     |       |     1 |     2 |     5 |     5 ||    13
       Dazzling Spray    |       |       |     7 |       |       ||     7
       Fireball          |       |       |     8 |   105 |   405 ||   518
       Force Lance       |       |       |       |     9 |    59 ||    68
       Bolt of Magma     |       |       |       |       |    18 ||    18
Evoke: Wand              |       |       |       |       |    24 ||    24
  Use: Scroll            |       |       |     8 |     2 |    23 ||    33
       Potion            |       |       |       |       |     7 ||     7
  Eat: Ration            |     1 |       |       |     2 |     1 ||     4
       Chunk             |       |     8 |    17 |    26 |    64 ||   115
Armor: Robe              |     6 |    12 |    21 |    33 |    35 ||   107
Dodge: Dodged            |    21 |    29 |    88 |    94 |   110 ||   342
       Deflected         |       |       |       |     6 |    13 ||    19
Block: Buckler           |       |       |       |     8 |    56 ||    64

Table legend:
 A = Non-vault XP
 B = Vault XP
 C = Vault XP percentage of total XP
 D = Non-vault monster count
 E = Vault monster count
 F = Vault count percentage of total count
                 A         B        C        D         E       F
            +---------+---------+-------+---------+---------+-------
      Total |   76324 |   71783 |  48.5 |     583 |     305 |  34.3
            +---------+---------+-------+---------+---------+-------
        D:1 |      32 |       0 |   0.0 |      19 |       0 |   0.0
        D:2 |     124 |      98 |  44.1 |      27 |      14 |  34.1
        D:3 |      25 |      12 |  32.4 |      11 |       5 |  31.2
        D:4 |     413 |       6 |   1.4 |      23 |       2 |   8.0
        D:5 |     182 |     166 |  47.7 |      10 |       1 |   9.1
        D:6 |     472 |     622 |  56.9 |      13 |      12 |  48.0
        D:7 |    2129 |    2041 |  48.9 |      41 |      18 |  30.5
        D:8 |    1656 |    2218 |  57.3 |      21 |      16 |  43.2
        D:9 |    1387 |       0 |   0.0 |      32 |       0 |   0.0
       D:10 |    1456 |    1668 |  53.4 |      29 |       4 |  12.1
       D:11 |    2674 |    1727 |  39.2 |      32 |       3 |   8.6
       D:12 |    3419 |       0 |   0.0 |      24 |       0 |   0.0
       D:13 |    3999 |   13572 |  77.2 |      15 |      11 |  42.3
       D:14 |    3835 |    3092 |  44.6 |      15 |      13 |  46.4
       D:15 |    9682 |    5146 |  34.7 |      24 |       6 |  20.0
     Lair:1 |    3159 |    5317 |  62.7 |      19 |      52 |  73.2
     Lair:2 |    5397 |    2856 |  34.6 |      23 |       8 |  25.8
     Lair:3 |    7534 |     819 |   9.8 |      31 |       1 |   3.1
     Lair:4 |    6876 |    6824 |  49.8 |      26 |      25 |  49.0
     Lair:5 |    5994 |     811 |  11.9 |      24 |       5 |  17.2
     Lair:6 |    9871 |   17347 |  63.7 |      30 |      75 |  71.4
      Orc:1 |    2981 |       0 |   0.0 |      49 |       0 |   0.0
      Orc:2 |    3027 |    7441 |  71.1 |      45 |      34 |  43.0
            +---------+---------+-------+---------+---------+-------
